 Dungeon Crawl Stone Soup version 0.29.1-2-gbd0b4ee654 (webtiles) character file.

Game seed: 6995603161704228820

4 GeoRichter the Magician (level 1, 0/13 HPs)
             Began as a Demonspawn Hedge Wizard on Nov 5, 2022.
             Slain by a hobgoblin
             ... wielding a +0 demon trident of venom
              (13 damage)
             ... on level 1 of the Dungeon.
             The game lasted 00:00:35 (123 turns).

GeoRichter the Magician (Demonspawn Hedge Wizard)    Turns: 123, Time: 00:00:36

Health: 0/13       AC:  2    Str: 10    XL:     1   Next: 50%
Magic:  1/4        EV: 12    Int: 15    God:
Gold:   15         SH:  0    Dex: 12    Spells: 5/6 levels left

rFire   . . .      SeeInvis .   a - +0 dagger
rCold   . . .      Faith    .   (no shield)
rNeg    . . .      Spirit   .   b - +0 robe
rPois   .          Reflect  .   c - +0 hat
rElec   .          Harm     .   (no cloak)
rCorr   .          Rampage  .   (no gloves)
Will    .....                   (no boots)
Stlth   ++........              (no amulet)
HPRegen 0.04/turn               (no ring)
MPRegen 0.09/turn               (no ring)

@: no status effects
A: no striking features
a: no special abilities


You were on level 1 of the Dungeon.
You visited 1 branch of the dungeon, and saw 1 of its levels.

You collected 15 gold pieces.

Inventory:

Hand Weapons
 a - a +0 dagger (weapon)
Missiles
 e - 2 poisoned darts
Armour
 b - a +0 robe (worn)
 c - a +0 hat (worn)
Potions
 d - a potion of magic


   Skills:
 - Level 1.7 Dodging
 - Level 1.7 Stealth
 + Level 3.0 Spellcasting
 * Level 1.4 Conjurations
 - Level 1.0 Summonings
 - Level 0.8 Translocations


You had 5 spell levels left.
You knew the following spells:

 Your Spells              Type           Power      Damage    Failure   Level
a - Magic Dart            Conj           24%        1d4       11%         1

Your spell library contained the following spells:

 Spells                   Type           Power      Damage    Failure   Level
 Slow                     Hex            8%         N/A       21%         1
 Call Imp                 Summ           5%         N/A       21%         2
 Blink                    Tloc           8%         N/A       22%         2
 Conjure Flame            Conj/Fire      4%         6-21      41%         3
 Mephitic Cloud           Conj/Pois/Air  3%         N/A       45%         3


Dungeon Overview and Level Annotations

Branches:
Dungeon (1/15) Zot: 5876

Altars:


Message History

Welcome, GeoRichter the Demonspawn Hedge Wizard.
If you return without finding the Orb of Zot, so far below, it's all over!
Found a staircase leading out of the dungeon.
Okay, then.
Found an escape hatch in the floor.
Found 9 gold pieces and 6 stones.
Found an escape hatch in the floor.
Found 6 gold pieces.
You now have 9 gold pieces.
You now have 15 gold pieces (gained 6).
A goblin comes into view. It is wielding a +0 club.
Found a stone staircase leading down.
The magic dart hits the goblin.
You kill the goblin!
Found 2 poisoned darts.
A hobgoblin comes into view.
The hobgoblin shouts!
The magic dart hits the hobgoblin.
The magic dart hits the hobgoblin.
The magic dart hits the hobgoblin.
The magic dart hits the hobgoblin.
You kill the hobgoblin!
You start resting.
You see here 2 poisoned darts.
e - 2 poisoned darts A ball python and a hobgoblin come into view.
The hobgoblin is wielding a +0 demon trident of venom.
The magic dart hits the ball python.
The ball python hisses angrily.
The magic dart hits the ball python.
A ball python comes into view.
The ball python attacks as you move away!
The ball python bites you but does no damage.
The ball python misses you.
You hit the ball python.
You kill the ball python!
The magic dart hits the hobgoblin but does no damage.
The magic dart hits the hobgoblin but does no damage.
The hobgoblin hits you from afar with a +0 demon trident of venom!
Ouch! That really hurt!
You die...

#...# #.# ####...####
#.# #.........# #.#
#.......>.# #.#
#.........# #.#
####...#### #.# #...#
#.# ####(..#### #@#
#.........# #.#
#.........#
#g###.........#
#.............#
########.#############
#....g...# #.#####..#
#.# #).# #.# #>.#


You could see a hobgoblin.

Vanquished Creatures
  A ball python (D:1)
  A goblin (D:1)
  A hobgoblin (D:1)
3 creatures vanquished.

Notes
Turn   | Place    | Note
-------+----------+-------------------------------------------
     0 | D:1      | GeoRichter the Demonspawn Hedge Wizard began the quest for
                  | the Orb.
     0 | D:1      | Reached XP level 1. HP: 13/13 MP: 4/4
   123 | D:1      | Slain by a hobgoblin

Illustrated notes

Levels and vault maps discovered:
D:1:      minmay_arrival_hallway, layout_loops_ring,
          shapermc_ecumenical_altar_venn

Action                   || total
-------------------------++-------
Melee: Dagger            ||     1
 Cast: Magic Dart        ||     9
Armor: Robe              ||     1
Dodge: Dodged            ||     1
